 Dungeon Crawl Stone Soup version 0.20.1-1-g8b1a95d (webtiles) character file.

48 Lenrir59 the Digger (level 3, -4/19 HPs)
             Began as a Gargoyle Earth Elementalist on Oct 20, 2017.
             Slain by Sigmund
             ... wielding a +0 scythe of slicing
              (5 damage)
             ... on level 2 of the Dungeon.
             The game lasted 00:10:09 (1256 turns).

Lenrir59 the Digger (Gargoyle Earth Elementalist)   Turns: 1256, Time: 00:10:10

Health: -4/19      AC:  5    Str: 11    XL:     3   Next: 72%
Magic:  7/7        EV: 12    Int: 16    God:
Gold:   68         SH:  0    Dex: 10    Spells: 7/8 levels left

rFire    . . .     SeeInvis .   g - +0 dagger (venom)
rCold    . . .     Gourm    .   (no shield)
rNeg     + . .     Faith    .   i - +0 robe
rPois    ∞         Spirit   .   (no helmet)
rElec    +         Reflect  .   (no cloak)
rCorr    .         Harm     .   (no gloves)
MR       .....                  (no boots)
Stlth    +.........             (no amulet)
Regen    0.1/turn               (no ring)
MPRegen  0.1/turn               (no ring)

@: confused
A: negative energy resistance 1, electricity resistance, unbreathing,
petrification resistance, rot immunity, AC +3
a: no special abilities


You were on level 2 of the Dungeon.
You were not hungry.

You visited 1 branch of the dungeon, and saw 2 of its levels.

You collected 68 gold pieces.

Inventory:

Hand Weapons
 g - a +0 dagger of venom (weapon)
Missiles
 b - 61 stones (quivered)
Armour
 c - a +0 robe
 i - a +0 robe (worn)
Scrolls
 a - a scroll of remove curse
Potions
 h - a potion of brilliance
 j - a potion of mutation
Books
 e - a book of Geomancy

   Spells                             Type                      Level
   a - Sandblast                      Earth                        1
   b - Passwall                       Transmutation/Earth          2
   c - Stone Arrow                    Conjuration/Earth            3
   d - Petrify                        Transmutation/Earth          4
   e - Lee's Rapid Deconstruction     Earth                        5
Comestibles
 d - a bread ration
 l - 2 meat rations


   Skills:
 - Level 0.2 Fighting
 - Level 1.5 Dodging
 - Level 2.2 Stealth
 * Level 3.0 Spellcasting
   Level 0.7 Transmutations
 * Level 4.4 Earth Magic


You had 7 spell levels left.
You knew the following spells:

 Your Spells              Type           Power        Failure   Level  Hunger
a - Sandblast             Erth           ###...       3%          1    #......


Dungeon Overview and Level Annotations

Branches:
Dungeon (2/15)

Altars:

Annotations:
D:2 Sigmund


Innate Abilities, Weirdness & Mutations

You are resistant to torment.
Your stone body is resilient. (AC +3)
You are immune to poison.
You resist negative energy. (rN+)
You are resistant to electric shocks. (rElec)
You can survive without breathing.
You are immune to petrification.
You are immune to rotting.


Message History

Sigmund mumbles some strange words.
Sigmund flickers and vanishes!
Casting: Sandblast
Confirm with . or Enter, or press ? or * to list all spells.
You can't see any susceptible monsters within range! (Use Z to cast anyway.)
You hear some strange, mumbled words.
You are confused.
There is a stone staircase leading up here.
You are more confused.
You hear some strange, mumbled words.
Something tries to affect you, but you resist.
Something hits you.
A magic dart appears from out of thin air!
The magic dart hits you!
* * * LOW HITPOINT WARNING * * *
Okay, then.
You're too confused!
It was a potion of magic.
Magic courses through your body. Something hits you.
You die...

... .... ### .#.. #.. .#
.. .... #.# .#.....
#..##.# .#..... .
......##.#..... .l.
#..#..........# ....#
##..#..........# ......###
...#..@...[...# #.......#
#..#..........##
#.......###..#.{..........
...........).#<.........##
..........##..............
...........#...........#.
#..###.................#
... ...................#
.. ....#............####


There were no monsters in sight!

Vanquished Creatures
  An adder (D:2)
  An ooze (D:1)
  A worm (D:2)
  A dart slug (D:1)
  A leopard gecko (D:1)
  A ball python (D:2)
  8 goblins
  3 hobgoblins (D:1)
  A quokka (D:2)
  3 bats (D:1)
  3 frilled lizards
  3 kobolds
  3 rats (D:1)
30 creatures vanquished.

Notes
Turn   | Place    | Note
-------+----------+-------------------------------------------
     0 | D:1      | Lenrir59 the Gargoyle Earth Elementalist began the quest for the Orb.
     0 | D:1      | Reached XP level 1. HP: 10/10 MP: 3/3
   101 | D:1      | Reached skill level 4 in Earth Magic
   101 | D:1      | Reached XP level 2. HP: 13/15 MP: 0/5
   367 | D:1      | Reached XP level 3. HP: 14/19 MP: 0/6
  1005 | D:2      | Noticed Sigmund
  1256 | D:2      | Slain by Sigmund

Skill      XL: |  1  2  3 |
---------------+----------+-----
Earth Magic    | 4 |  4.4
Spellcasting   | 3 |  3.0
Fighting       | |  0.2
Dodging        | |  1.5
Stealth        | |  2.2
Transmutations | |  0.7

Action                   || total
-------------------------++-------
Melee: Unarmed           ||    12
       Dagger            ||     9
 Cast: Sandblast         ||    51
  Use: Scroll            ||     5
       Potion            ||     1
 Stab: Sleeping          ||     1
  Eat: Chunk             ||     1
Armor: Robe              ||    14
Dodge: Dodged            ||    47
